 Dungeon Crawl Stone Soup version 0.25.1-2-g60ff931df9 (webtiles) character file.

Game seed: 19449835484788459

33054 DerDa the Thaumaturge (level 13, -7/94 HPs)
             Began as a Demonspawn Wizard on Oct 4, 2020.
             Was an Elder of Sif Muna.
             Killed from afar by a rime drake (9 damage)
             ... with a flash freeze
             ... on level 6 of the Lair of Beasts.
             The game lasted 01:31:10 (24142 turns).

DerDa the Thaumaturge (Demonspawn Wizard)          Turns: 24142, Time: 01:31:13

Health: -7/94      AC:  3    Str:  9    XL:     13   Next: 34%
Magic:  28/45      EV: 17    Int: 27    God:    Sif Muna [****..]
Gold:   553        SH:  0    Dex: 18    Spells: 14/32 levels left

rFire    + . .     SeeInvis .   W - +10 quarterstaff of the Unseen Realm {drain, Int+3 Dex+3}
rCold    + . .     Gourm    .   (shield currently unavailable)
rNeg     . . .     Faith    .   X - +1 robe of the Stone Wall {rPois rC- rCorr MP+9}
rPois    +         Spirit   .   b - +0 hat
rElec    .         Reflect  .   a - scarf {rC+ rF+}
rCorr    +         Harm     .   (no gloves)
MR       .....                  (no boots)
Stlth    ++++++....             l - amulet of regeneration
HPRegen  0.65/turn              r - ring of magical power
MPRegen  0.29/turn              V - +4 ring of slaying

@: lethally poisoned (-7 -> -8), about to teleport, very slightly contaminated
A: talons 1, thin skeletal structure 2, cold resistance 1, nightstalker 3,
freezing cloud immunity
a: Channel Magic, Forget Spell, Divine Exegesis, Renounce Religion


You were on level 6 of the Lair of Beasts.
You worshipped Sif Muna.
Sif Muna was greatly pleased with you.
You were hungry.

You visited 3 branches of the dungeon, and saw 18 of its levels.
You visited 1 bazaar.

You collected 1466 gold pieces.
You spent 913 gold pieces at shops.

Inventory:

Hand Weapons
 i - a +0 hunting sling
 v - a +1 whip of venom
 Q - the +3 falchion of Conscience {flame, +Fly}
   (You bought it in a shop in a bazaar)

   It has been specially enchanted to burn those struck by it, causing extra
   injury to most foes and up to half again as much damage against particularly
   susceptible opponents.
   Big, fiery blades are also staple armaments of hydra-hunters.
   It lets you fly.
 W - the +10 quarterstaff of the Unseen Realm (weapon) {drain, Int+3 Dex+3}
   (You bought it in a shop in a bazaar)

   A truly terrible weapon, it drains the life of those it strikes.
   It affects your intelligence (+3).
   It affects your dexterity (+3).
Missiles
 p - 88 sling bullets
 q - 148 bolts
 u - 11 atropa-tipped darts
 x - 4 curare-tipped darts
 C - 47 poisoned darts (quivered)
Armour
 a - a scarf of resistance (worn)
 b - a +0 hat (worn)
 f - a +0 cloak
 T - a +0 buckler
 X - the +1 robe of the Stone Wall (worn) {rPois rC- rCorr MP+9}
   (You bought it in a shop in a bazaar)

   It makes you vulnerable to cold.
   It protects you from poison.
   It affects your magic capacity (+9).
   It provides partial protection from all sources of acid and corrosion.
Magical Staves
 J - an uncursed staff of cold
Jewellery
 l - an amulet of regeneration (around neck)
 r - a ring of magical power (left hand)
 F - an uncursed amulet of reflection
 G - an uncursed amulet of magic regeneration {unknown}
 L - a cursed ring of teleportation {unknown}
 V - a +4 ring of slaying (right hand)
Wands
 g - a wand of clouds (4)
 h - a wand of acid (10)
 t - a wand of polymorph (11)
 w - a wand of flame (31)
 B - a wand of enslavement (14)
 H - a wand of paralysis (4)
 O - a wand of disintegration (10)
Scrolls
 e - 4 scrolls of immolation
 j - 2 scrolls of fog
 m - 9 scrolls of remove curse
 s - 2 scrolls of identify
 y - 3 scrolls of teleportation
 A - 2 scrolls of blinking
 D - 2 scrolls of fear
 K - 3 scrolls of enchant weapon
 N - 4 scrolls of amnesia
 Y - a scroll of enchant armour
Potions
 c - 3 potions of ambrosia
 k - 3 potions of lignification
 n - 4 potions of haste
 o - a potion of heal wounds
 z - 2 potions of stabbing
 E - a potion of berserk rage
 I - 2 potions of flight
 M - 2 potions of magic
 P - a potion of resistance
 R - 3 potions of curing
Miscellaneous
 U - a phial of floods
Comestibles
 d - 25 rations


   Skills:
 + Level 6.4 Fighting
 + Level 6.3 Dodging
 - Level 1.7 Stealth
 - Level 4.0 Shields
 * Level 10.4 Spellcasting
 * Level 9.5 Conjurations
 + Level 2.8 Charms
 - Level 1.0 Summonings
 + Level 4.8 Translocations
 * Level 6.1 Ice Magic
 - Level 5.0 Air Magic
 - Level 5.0 Poison Magic
 * Level 9.7 Invocations
 + Level 5.2 Evocations


You had 14 spell levels left.
You knew the following spells:

 Your Spells              Type           Power        Failure   Level  Hunger
a - Magic Dart            Conj           ####         1%          1    None
b - Call Imp              Summ           ###.....     4%          2    None
c - Metabolic Englaciati  Hex/Ice        ####......   32%         5    ###....
d - Ozocubu's Armour      Chrm/Ice       #####...     1%          3    None
e - Shroud of Golubria    Chrm/Tloc      ####..       1%          2    None
q - Blink                 Tloc           N/A          1%          2    None
u - Mephitic Cloud        Conj/Pois/Air  #####...     1%          3    None

Your spell library contained the following spells:

 Spells                   Type           Power        Failure   Level  Hunger
 Apportation              Tloc           #####.       1%          1    None
 Infusion                 Chrm           ####         1%          1    None
 Song of Slaying          Chrm           ####....     1%          2    None
 Conjure Flame            Conj/Fire      #####...     1%          3    None
 Gell's Gravitas          Tloc           #####.....   1%          3    None
 Summon Small Mammal      Summ           ###.         2%          1    None
 Corpse Rot               Necr/Air       N/A          2%          2    None
 Animate Skeleton         Necr           N/A          4%          1    None
 Corona                   Hex            ##.....      4%          1    None
 Slow                     Hex            ##......     6%          2    None
 Sublimation of Blood     Necr           ##........   6%          2    None
 Spectral Weapon          Hex/Chrm       ###.....     7%          3    None
 Confusing Touch          Hex            ##......     12%         3    None
 Dispel Undead            Necr           ##......     38%         4    None
 Petrify                  Tmut/Erth      ##......     38%         4    None
 Excruciating Wounds      Chrm/Necr      ###.......   54%         5    ###....
 Agony                    Necr           ##......     75%         5    ###....
 Yara's Violent Unravell  Hex/Tmut       ##........   75%         5    ###....


Dungeon Overview and Level Annotations

Branches:
Dungeon (11/15)            Temple (1/1) D:7            Lair (6/6) D:11
 Shoals (0/4) Lair:3        Snake (0/4) Lair:2          Orc (0/2) D:9
  Slime: Lair:5-6

Altars:
Ashenzari
Cheibriados
Dithmenos
Elyvilon
Fedhas
Gozag
Hepliaklqana
Kikubaaqudgha
Makhleb
Nemelex Xobeh
Okawaru
Qazlal
Ru
Sif Muna
Trog
Uskayaw
Vehumet
Wu Jian
Xom
Yredelemnul
Zin
The Shining One

Shops:
D:6 (

Annotations:
Lair:1 exclusion: oklob plant
Lair:5 1 runed translucent door, mys's ghost, journeyman OgHu


Innate Abilities, Weirdness & Mutations

You have sharp toenails.
You have a moderately thin skeletal structure. (Dex +4, Stealth+)
Your flesh is cold resistant. (rC+)
You are completely attuned to the shadows.
You are immune to freezing clouds.


Message History

Unknown command.
Casting: Blink (safe; 1% risk of failure)
Confirm with . or Enter, or press ? or * to list all spells.
You blink.
You feel sick.
The crocodile is engulfed in noxious fumes.
The crocodile appears confused.
As you read the scroll of teleportation, it crumbles to dust.
You feel strangely unstable.
You feel sick.
The crocodile is engulfed in noxious fumes.
The black mamba misses you. The ice encasing you melts away.
You feel sick. The black mamba bites you!
* * * LOW HITPOINT WARNING * * *
You feel much better.
You feel sick. The black mamba bites you!
* * * LOW HITPOINT WARNING * * *
The black mamba bites you!
* * * LOW HITPOINT WARNING * * *
The rime drake breathes ice at you. The flash freeze hits you!
You partially resist.
You die...

..................
...............#..
......ยง...........
.....................
...k.................
.......t...........P.
..................P.P
....Sk.....PP ..##.P.
....@....... ....#..
......... ......
......... ......
......... ......
......... ......
......


You could see a lindwurm (confused), a black mamba, a rime drake (catching
breath) and a crocodile (confused).

Vanquished Creatures
  A hydra (Lair:5)
  2 two-headed ogres
  7 death yaks
  Pikel (D:6)
  A cyclops (D:11)
  2 ugly things (D:11)
  6 elephants (Lair:3)
  2 black mambas
  10 spiny frogs
  Maggie (D:9)
  4 centaur skeletons
  2 rime drakes
  2 komodo dragons
  A troll (D:9)
  A hornet (D:9)
  Grinder (D:6)
  5 dream sheep (Lair:5)
  15 blink frogs
  4 hippogriffs
  2 wyverns
  21 yaks
  7 basilisks
  A naga (Lair:2)
  9 water moccasins
  7 porcupines
  Duvessa (D:6)
  4 ice beasts
  7 orc warriors
  4 slaves (D:6)
  A black bear (D:7)
  2 sky beasts
  3 phantoms
  6 ogres
  4 centaurs
  12 crocodiles
  2 big kobolds
  13 bullfrogs
  2 gnoll sergeants
  4 scorpions
  Dowan (D:6)
  5 killer bees (D:8)
  4 wights (D:7)
  7 howler monkeys
  3 bullfrog zombies
  6 crimson imps
  4 hounds
  A bullfrog skeleton (D:9)
  9 orc priests
  2 iguanas
  13 orc wizards
  Ijyb (D:3)
  13 worker ants
  A hound zombie (D:10)
  A hound skeleton (D:10)
  3 worker ant zombies
  10 gnolls
  8 adders
  5 shadow imps
  An ooze (D:2)
  3 worms (D:4)
  5 dart slugs
  6 leopard geckos
  41 orcs
  8 giant cockroaches
  9 goblins
  11 hobgoblins
  7 jackals
  A quokka (D:7)
  5 ball pythons
  6 bats
  4 frilled lizards
  14 kobolds
  A leopard gecko zombie (D:8)
  2 quokka zombies
  11 rats
412 creatures vanquished.

Vanquished Creatures (collateral kills)
  A hydra (Lair:4)
  A sky beast (D:8)
2 creatures vanquished.

Vanquished Creatures (others)
  A wizard (D:10)
  2 orc wizards
  6 fungi
  3 plants
  2 withered plants (Lair:5)
14 creatures vanquished.

Grand Total: 428 creatures vanquished

Notes
Turn   | Place    | Note
-------+----------+-------------------------------------------
     0 | D:1      | DerDa the Demonspawn Wizard began the quest for the Orb.
     0 | D:1      | Reached XP level 1. HP: 13/13 MP: 4/4
   495 | D:1      | Gained mutation: You are slightly more attuned to the
                  | shadows. [demonic ancestry]
   495 | D:1      | Reached XP level 2. HP: 19/19 MP: 0/6
  1052 | D:1      | Gained mutation: You have a somewhat thin skeletal
                  | structure. (Dex +2, Stealth) [demonic ancestry]
  1052 | D:1      | Reached XP level 3. HP: 24/24 MP: 2/8
  1057 | D:1      | Learned a level 3 spell: Mephitic Cloud
  1061 | D:1      | Learned a level 2 spell: Call Imp
  1064 | D:1      | Learned a level 2 spell: Blink
  1598 | D:2      | Reached skill level 4 in Spellcasting
  2016 | D:2      | Gained mutation: Your flesh is cold resistant. (rC+)
                  | [demonic ancestry]
  2016 | D:2      | Reached XP level 4. HP: 20/30 MP: 0/10
  2620 | D:3      | Found an ornate altar of the Wu Jian Council.
  2638 | D:3      | Noticed Ijyb
  2826 | D:3      | Found a transporter.
  2847 | D:3      | Found a transporter.
  3258 | D:3      | Reached skill level 1 in Air Magic
  3258 | D:3      | Reached skill level 1 in Poison Magic
  3258 | D:3      | Gained mutation: You have a moderately thin skeletal
                  | structure. (Dex +4, Stealth+) [demonic ancestry]
  3258 | D:3      | Reached XP level 5. HP: 21/35 MP: 0/11
  4453 | D:3      | Reached XP level 6. HP: 41/41 MP: 9/13
  4548 | D:3      | Killed Ijyb
  4548 | D:3      | Reached skill level 5 in Spellcasting
  5630 | D:4      | Reached XP level 7. HP: 46/46 MP: 6/15
  6126 | D:5      | Entered Level 5 of the Dungeon
  6535 | D:5      | Reached skill level 6 in Spellcasting
  6793 | D:5      | Noticed a two-headed ogre
  7214 | D:5      | Killed a two-headed ogre
  7214 | D:5      | Gained mutation: You are significantly more attuned to the
                  | shadows. [demonic ancestry]
  7214 | D:5      | Reached XP level 8. HP: 57/57 MP: 9/18
  7425 | D:6      | Found Wuahah's Weapon Shoppe.
  7472 | D:6      | Reached skill level 7 in Spellcasting
  7660 | D:6      | Reached skill level 5 in Conjurations
  7783 | D:6      | Noticed Dowan
  7787 | D:6      | Noticed Pikel
  8120 | D:6      | Killed Pikel
  8120 | D:6      | Gained mutation: You are immune to freezing clouds.
                  | [demonic ancestry]
  8120 | D:6      | Reached XP level 9. HP: 32/64 MP: 1/20
  8328 | D:6      | Noticed Duvessa
  8526 | D:6      | Killed Dowan
  8604 | D:6      | Killed Duvessa
  8706 | D:6      | Noticed Grinder
  8721 | D:6      | Paralysed by Grinder for 5 turns
  8728 | D:6      | Killed Grinder
  9090 | D:7      | Found a staircase to the Ecumenical Temple.
  9099 | Temple   | Entered the Ecumenical Temple
  9111 | Temple   | Became a worshipper of Sif Muna the Loreminder
  9268 | D:7      | Reached skill level 1 in Translocations
  9301 | D:7      | Reached skill level 1 in Invocations
  9589 | D:7      | Reached skill level 5 in Poison Magic
  9838 | D:7      | Reached skill level 1 in Evocations
  9921 | D:7      | Reached skill level 8 in Spellcasting
 10616 | D:8      | Reached * piety under Sif Muna
 10760 | D:8      | Gained mutation: You have sharp toenails. [demonic
                  | ancestry]
 10760 | D:8      | Reached XP level 10. HP: 52/71 MP: 17/22
 10896 | D:8      | Noticed a two-headed ogre
 10935 | D:8      | Killed a two-headed ogre
 10935 | D:8      | Reached skill level 5 in Air Magic
 11172 | D:8      | Learned a level 5 spell: Metabolic Englaciation
 11312 | D:8      | Identified the +3 chain mail of Divine Intervention {rF++
                  | rC- Int+5}
 11563 | D:8      | Learned a level 3 spell: Ozocubu's Armour
 11566 | D:8      | Learned a level 2 spell: Shroud of Golubria
 11825 | D:9      | Noticed Maggie
 11847 | D:9      | Killed Maggie
 11847 | D:9      | Reached skill level 1 in Ice Magic
 12433 | D:9      | Reached ** piety under Sif Muna
 12645 | D:9      | Reached skill level 5 in Invocations
 13108 | D:9      | Reached XP level 11. HP: 77/78 MP: 23/23
 13256 | D:9      | Found a staircase to the Orcish Mines.
 14072 | D:10     | Entered Level 10 of the Dungeon
 14240 | D:9      | Reached skill level 5 in Fighting
 14240 | D:9      | Reached skill level 9 in Spellcasting
 14248 | D:9      | Reached *** piety under Sif Muna
 14382 | D:10     | Reached skill level 1 in Shields
 14398 | D:10     | Reached skill level 5 in Dodging
 14999 | D:10     | Found a sacrificial altar of Ru.
 15170 | D:10     | Found a bloodstained altar of Trog.
 15181 | D:10     | Noticed a wizard
 15186 | D:10     | Killed a wizard
 15424 | D:11     | Found a flickering gateway to a bazaar.
 15429 | Bazaar   | Entered a bazaar
 15429 | Bazaar   | Found Luaqatiy's Magic Scroll Shop.
 15429 | Bazaar   | Found Woottic's Armour Emporium.
 15430 | Bazaar   | Found Erokuh's Gadget Shop.
 15456 | Bazaar   | Found Xoklikea's Antique Weapon Shoppe.
 15487 | Bazaar   | Bought a brightly glowing falchion for 160 gold pieces
 15487 | Bazaar   | Bought an ancient quarterstaff for 180 gold pieces
 15493 | Bazaar   | Bought the +1 robe of the Stone Wall {rPois rC- rCorr MP+9}
                  | for 412 gold pieces
 15510 | Bazaar   | Bought a scroll of teleportation for 27 gold pieces
 15510 | Bazaar   | Bought a scroll of enchant armour for 67 gold pieces
 15510 | Bazaar   | Bought a scroll of identify for 18 gold pieces
 15510 | Bazaar   | Bought a scroll of identify for 18 gold pieces
 15510 | Bazaar   | Bought a scroll of amnesia for 31 gold pieces
 15511 | Bazaar   | Identified the +3 falchion of Conscience {flame, +Fly} (You
                  | bought it in a shop in a bazaar)
 15534 | Bazaar   | Identified the +10 quarterstaff of the Unseen Realm {drain,
                  | Int+3 Dex+3} (You bought it in a shop in a bazaar)
 15790 | D:11     | Found a staircase to the Lair.
 15941 | D:11     | Noticed a red ugly thing
 15968 | D:11     | Killed a red ugly thing
 16075 | D:11     | Noticed a green ugly thing
 16093 | D:11     | Killed a green ugly thing
 16389 | Lair:1   | Entered Level 1 of the Lair of Beasts
 16764 | Lair:1   | Found a shadowy altar of Dithmenos.
 16764 | Lair:1   | Noticed an oklob plant
 17405 | Lair:2   | Found a staircase to the Snake Pit.
 17553 | Lair:2   | Noticed a death yak
 17904 | Lair:2   | Killed a death yak
 18266 | Lair:2   | Reached **** piety under Sif Muna
 18266 | Lair:2   | Gained mutation: You are completely attuned to the shadows.
                  | [demonic ancestry]
 18266 | Lair:2   | Reached XP level 12. HP: 86/86 MP: 25/25
 19235 | Lair:3   | Found a staircase to the Shoals.
 19857 | Lair:3   | Reached skill level 1 in Charms
 20044 | Lair:3   | Reached skill level 5 in Ice Magic
 20394 | Lair:4   | Noticed a four-headed hydra
 20411 | Lair:4   | Killed a four-headed hydra
 20503 | Lair:4   | You fall into a shaft and drop 2 floors!
 20503 | Lair:6   | Entered Level 6 of the Lair of Beasts
 20635 | Lair:6   | Reached skill level 10 in Spellcasting
 22175 | Lair:5   | Found a runed translucent door.
 22192 | Lair:5   | Noticed mys's ghost (journeyman OgHu)
 22345 | Lair:5   | Reached XP level 13. HP: 31/93 MP: 27/27
 23450 | Lair:5   | HP: 4/93 [death yak (24)]
 23643 | Lair:5   | Reached skill level 5 in Evocations
 24142 | Lair:6   | HP: 2/94 [black mamba (8)]
 24142 | Lair:6   | Killed from afar by a rime drake

Illustrated notes

Levels and vault maps discovered:
D:1:      minmay_arrival_nine_rooms, layout_rooms, minivault_19,
          minmay_misc_feat_plants
D:2:      layout_loops_ring, first_ration, minivault_14
D:3:      gammafunk_wand_slinger, layout_basic, lemuel_round_altar, uniq_ijyb
D:4:      layout_loops_ring, serial_co_window_serial, co_window_paths_a,
          co_window_of_opportunity_a, co_window_paths_a, co_window_paths_b,
          co_window_of_opportunity_a, co_window_paths_c,
          co_window_of_opportunity_b, co_window_corner_b, co_window_corner_ca,
          co_window_4corner_b, co_window_4corner_a, glass_columns_a
D:5:      layout_cave_pools
D:6:      layout_basic, serial_shops, nicolae_shop_stone, minmay_misc_feat_five,
          uniq_duvessa, uniq_grinder, uniq_pikel
D:7:      layout_loops_cross, minmay_temple_entry_gardened_gates
D:8:      layout_rooms
D:9:      layout_layer_cave, orc_0_dummy, uniq_maggie
D:10:     layout_big_octagon, basic_altar, trog_wizard
D:11:     layout_loops_ring, grunt_lair_entry_orc_guard_hut, serial_shops,
          bzr_entry_road
Temple:   dpeg_three_leaves_temple
Lair:1:   layout_chaotic_city, lemuel_oklob_altar
Lair:2:   layout_cellular_growth, guppyfry_snake_entry_garden, nzn_random_ring,
          serial_bayou_shore_a
Lair:3:   layout_cave_pods, shoals_dummy_entry, patterned_corridor,
          infiniplex_staircase_pool
Lair:4:   layout_cave_pods, lemuel_fruit_tree, grunt_megastairs_5
Lair:5:   layout_loops_ring, gammafunk_ghost_grave, bh_chokoban,
          kennysheep_basilisk_garden
Lair:6:   due_jungle_book, layout_gridlike, dpeg_slime_entry_corner

Skill      XL: |  1  2  3  4  5  6  7  8  9 10 11 12 13 |
---------------+----------------------------------------+-----
Conjurations   | 2 3 4 5 6 7 8 9 |  9.5
Spellcasting   | 4 5 6 7 8 9 10 | 10.4
Air Magic      | 1 2 3 4 5 |  5.0
Poison Magic   | 1 2 3 4 5 |  5.0
Dodging        | 2 3 4 5 6 |  6.3
Fighting       | 2 3 4 5 6 |  6.4
Translocations | 1 2 3 4 |  4.8
Invocations    | 2 5 7 9 |  9.7
Evocations     | 1 2 3 4 5 |  5.2
Ice Magic      | 2 4 5 6 |  6.1
Shields        | 3 4 |  4.0
Charms         | 2 |  2.8
Stealth        | |  1.7
Summonings     | |  1.0

Action                   |  1- 3 |  4- 6 |  7- 9 | 10-12 | 13-15 || total
-------------------------+-------+-------+-------+-------+-------++-------
Melee: Club              |    16 |       |       |       |       ||    16
       Short sword       |     5 |    31 |    29 |       |       ||    65
       Whip              |       |       |    67 |   304 |       ||   371
       Kick              |       |       |       |   190 |    28 ||   218
       Falchion          |       |       |       |     2 |       ||     2
       Quarterstaff      |       |       |       |   299 |    69 ||   368
Throw: Dart              |       |       |    13 |     7 |       ||    20
 Cast: Magic Dart        |   102 |   183 |   414 |   464 |    34 ||  1197
       Mephitic Cloud    |       |     7 |    31 |    82 |    16 ||   136
       Blink             |       |       |    17 |    24 |     8 ||    49
       Call Imp          |       |       |     2 |     8 |     7 ||    17
       Shroud of Golubri |       |       |       |    35 |    11 ||    46
       Ozocubu's Armour  |       |       |       |    10 |     8 ||    18
       Metabolic Englaci |       |       |       |       |     1 ||     1
Evoke: Wand              |       |       |    19 |       |     1 ||    20
       Phial of floods   |       |       |       |     1 |       ||     1
  Use: Scroll            |       |     5 |     8 |    10 |     1 ||    24
       Potion            |       |       |     3 |     1 |     2 ||     6
 Stab: Sleeping          |       |     1 |       |    10 |       ||    11
       Confused          |       |     2 |     7 |    35 |     5 ||    49
       Distracted        |       |       |       |     2 |     1 ||     3
       Paralysed         |       |       |       |       |     4 ||     4
  Eat: Chunk             |     3 |     9 |    12 |    33 |     2 ||    59
       Ration            |       |     1 |     1 |     1 |     1 ||     4
Armor: Robe              |     6 |    10 |    13 |    86 |    11 ||   126
       Troll leather arm |       |       |       |    49 |       ||    49
Dodge: Dodged            |    22 |    49 |   127 |   542 |    51 ||   791
       Rpst.: Falchion   |       |       |       |    12 |       ||    12
